 Dungeon Crawl Stone Soup version 0.27-a0-1500-g450c7e4133 (webtiles) character file.

Game seed: 730679710003949938

43 Gwenloh the Grasshopper (level 3, -3/18 HPs)
             Began as a Spriggan Warper on July 7, 2021.
             Slain by a worm (10 damage)
             ... on level 2 of the Dungeon.
             The game lasted 00:08:03 (2722 turns).

Gwenloh the Grasshopper (Spriggan Warper)           Turns: 2722, Time: 00:08:04

Health: -3/18      AC:  2    Str:  7    XL:     3   Next: 37%
Magic:  8/8        EV: 18    Int: 14    God:
Gold:   114        SH:  0    Dex: 15    Spells: 5/7 levels left

rFire    . . .     SeeInvis +   k - +0 rapier
rCold    . . .     Faith    .   (shield restricted)
rNeg     . . .     Spirit   .   b - +0 robe
rPois    .         Reflect  .   (helmet restricted)
rElec    .         Harm     .   (no cloak)
rCorr    .         Rampage  .   (gloves unavailable)
Will     .....                  (boots unavailable)
Stlth    ++........             (no amulet)
HPRegen  0.06/turn              (no ring)
MPRegen  0.11/turn              (no ring)

@: very quick
A: very small, no large weapons, unfitting armour, see invisible, speed 3
a: no special abilities


You were on level 2 of the Dungeon.
You visited 1 branch of the dungeon, and saw 4 of its levels.

You collected 114 gold pieces.

Inventory:

Hand Weapons
 a - a +0 short sword
 k - a +0 rapier (weapon)
Missiles
 d - 5 boomerangs of dispersal (quivered)
 e - 58 stones
 f - 37 sling bullets
Armour
 b - a +0 robe (worn)
Jewellery
 l - an amulet of faith
Scrolls
 c - a scroll of blinking
 g - a scroll of vulnerability {unknown}
 i - a scroll of teleportation {unknown}
 j - a scroll of identify {unknown}
Potions
 h - a potion of degeneration {unknown}


   Skills:
 - Level 1.5 Fighting
 + Level 2.6 Short Blades
 - Level 1.0 Throwing
 * Level 4.2 Dodging
 * Level 3.1 Stealth
 - Level 2.6 Spellcasting
 - Level 4.4 Translocations


You had 5 spell levels left.
You knew the following spells:

 Your Spells              Type           Power      Damage    Failure   Level
a - Blink                 Tloc           N/A        N/A       5%          2

Your spell library contained the following spells:

 Spells                   Type           Power      Damage    Failure   Level
 Gell's Gravitas          Tloc           7%         N/A       11%         3
 Lesser Beckoning         Tloc           7%         N/A       11%         3
 Teleport Other           Tloc           14%        N/A       11%         3
 Manifold Assault         Tloc           14%        N/A       71%         5


Dungeon Overview and Level Annotations

Branches:
Dungeon (4/15)
 Temple: D:4-7

Altars:

Shops:
D:1 !


Innate Abilities, Weirdness & Mutations

You are very small and have problems with some larger weapons.
You are too small for most types of armour.
You have supernaturally acute eyesight. (SInv)
You cover ground extremely quickly. (Speed+++)


Message History

You closely miss the hobgoblin. The hobgoblin misses you.
You hit the hobgoblin.
The hobgoblin is severely wounded.
The hobgoblin barely misses you.
You hit the hobgoblin.
You kill the hobgoblin!
You hit the worm.
The worm is moderately wounded.
You hit the worm but do no damage.
The worm is moderately wounded.
The worm misses you.
You barely miss the worm.
The worm is moderately wounded.
You hit the worm.
The worm is moderately wounded.
The worm misses you.
You barely miss the worm.
The worm is moderately wounded.
The worm closely misses you.
You barely miss the worm.
The worm is moderately wounded.
You barely miss the worm.
The worm is moderately wounded.
The worm barely misses you.
You hit the worm.
The worm is moderately wounded.
The worm barely misses you.
You hit the worm but do no damage.
The worm is moderately wounded.
You hit the worm.
The worm is heavily wounded.
The worm bites you!
Ouch! That really hurt!
You hit the worm but do no damage.
The worm is heavily wounded.
You hit the worm.
The worm is severely wounded.
The worm bites you!
Ouch! That really hurt!
You die...

#............. #..
#............ ...##.
#............ ..# ...
#........# # .. ...
#...†....# #...#.##+#..
#........# #...#..#.#.#
#........# #...##.#.#.#
#.......w#######.......#.#
#########@........##...#.#
#.........##..>...
#.........##....##
#.........''....+.
#.........##....##
#.........##....#
#.........##...†#
#.........##....#
#.........##....#


You could see a worm.

Vanquished Creatures
  3 ball pythons (D:1)
  4 endoplasms
  A giant cockroach (D:1)
  4 goblins (D:1)
  5 hobgoblins
  4 jackals (D:2)
  A kobold (D:2)
  2 quokkas (D:2)
  5 bats
  4 frilled lizards
  5 rats
38 creatures vanquished.

Vanquished Creatures (others)
  A fungus (D:1)
1 creature vanquished.

Grand Total: 39 creatures vanquished

Notes
Turn   | Place    | Note
-------+----------+-------------------------------------------
     0 | D:1      | Gwenloh the Spriggan Warper began the quest for the Orb.
     0 | D:1      | Reached XP level 1. HP: 10/10 MP: 5/5
   123 | D:1      | Reached skill level 1 in Stealth
   417 | D:1      | Found Romoli's Distillery.
   452 | D:1      | Reached XP level 2. HP: 13/14 MP: 6/6
   455 | D:1      | Learned a level 2 spell: Blink
  1066 | D:1      | Found a faded altar of an unknown god.
  2135 | D:2      | Reached XP level 3. HP: 9/18 MP: 8/8
  2592 | D:2      | You fall into a shaft and drop 2 floors!
  2593 | D:4      | Noticed a scorpion
  2722 | D:2      | Slain by a worm

Illustrated notes

Levels and vault maps discovered:
D:1:      lightli_iron_boxes, layout_basic,
          dreamdust_ecumenical_altar_hidden_monk_grotto, serial_shops, shop,
          minivault_25
D:2:      layout_basic
D:3:      layout_basic, amcnicky_altar_gilded, serial_glass, glass_columns_c,
          glass_columns_a, serial_shops, nicolae_shop_trees, hex_intersection,
          minmay_ogre_servants
D:4:      layout_loops_ring, minmay_temple_entry_drinking_statues, serial_shops,
          nicolae_shop_stone

Skill      XL: |  1  2  3 |
---------------+----------+-----
Stealth        | 1 2 3 |  3.1
Dodging        | 4 |  4.2
Fighting       | |  1.5
Short Blades   | |  2.6
Throwing       | |  1.0
Spellcasting   | |  2.6
Translocations | |  4.4

Action                   || total
-------------------------++-------
Melee: Short sword       ||    89
       Rapier            ||    55
 Cast: Blink             ||     1
 Stab: Sleeping          ||     5
Armor: Robe              ||     9
Dodge: Dodged            ||   102

Table legend: (Time is in decaauts)
 A = Elapsed time spent in this place.
 B = Non-inter-level travel time spent in this place.
 C = Inter-level travel time spent in this place.
 D = Time resting spent in this place.
 E = Time spent auto-exploring this place.
 F = Levels seen in this place.
 G = Mean time per level.
                   A        B        C        D        E       F      G
               +--------+--------+--------+--------+--------+-----+--------+
         Total |   2173 |   2096 |     77 |    911 |    664 |   4 |  543.2 |
       Dungeon |   2173 |   2096 |     77 |    911 |    664 |   4 |  543.2 |
               +--------+--------+--------+--------+--------+-----+--------+

Top non-repeatable levels by time:
     D:1: 1608 daAuts
     D:2: 540 daAuts
     D:4: 21 daAuts
     D:3: 3 daAuts
